 Dungeon Crawl Stone Soup version 0.31-a0-968-g24f9ace8b5 (webtiles) character file.

Game seed: 12351457753123436384

18 hito the Shooter (level 2, -15/23 HPs)
             Began as a Formicid Hunter on Oct 27, 2023.
             Engulfed by a cloud of flame (22 damage)
             ... on level 1 of the Dungeon.
             The game lasted 00:01:23 (446 turns).

hito the Shooter (Formicid Hunter)                   Turns: 446, Time: 00:01:24

Health: -15/23     AC:  3    Str: 15    XL:     2   Next: 90%
Magic:  2/2        EV: 12    Int:  8    God:
Gold:   47         SH:  0    Dex: 17    Spells: 1/1 levels left

rFire   . . .        a - +0 shortbow
rCold   . . .        (no shield)
rNeg    . . .        c - +0 leather armour
rPois   .            (helmet unavailable)
rElec   .            (no cloak)
rCorr   .            (no gloves)
SInv    +            (no boots)
Will    .....        (no amulet)
Stlth   ++           (no ring)
HPRegen 0.23/turn    (no ring)
MPRegen 0.08/turn

%: no passive effects
@: no status effects
A: permanent stasis, dig shafts and tunnels, antennae 3, four strong arms
a: Dig, Shaft Self


You were on level 1 of the Dungeon.
You visited 1 branch of the dungeon, and saw 1 of its levels.

You collected 47 gold pieces.

Inventory:

Hand Weapons
 a - a +0 shortbow (weapon)
Missiles
 e - 5 poisoned darts
Armour
 c - a +0 leather armour (worn)
Scrolls
 b - a scroll of butterflies
 d - a scroll of identify {unknown}
Potions
 f - a potion of cancellation {unknown}
 g - a potion of heal wounds {unknown}


   Skills:
 + Level 2.9 Fighting
 + Level 4.3 Ranged Weapons
 - Level 1.7 Dodging
 - Level 1.2 Stealth


You had one spell level left.
You didn't know any spells.
Your spell library was empty.

Dungeon Overview and Level Annotations

Branches:
Dungeon (1/15)

Altars:


Innate Abilities, Weirdness & Mutations

You cannot be hasted, slowed, berserked, paralysed or teleported.
You can dig through walls and to a lower floor.
You have a pair of large antennae on your head. (SInv)
Your four strong arms can wield two-handed weapons with a shield.


Message History

You kill the bat!
No target in view!
Butt target in view!
No target in view!
HP restored.
There is an open door, spattered with butt here.
You now have 42 gold pieces (gained 5).
You see butt a +0 hand axe.
You sense a monster nearby.
No target in butt!
Butt see here a +0 hand axe.
You sense a monster nearby.
A goblin comes into view. It is wielding a +0 club.
The butt is engulfed in blazing flames.
The goblin butts!
Found a robe and a fizzy grey potion.
A hobgoblin comes into view.
Found 5 gold pieces.
The hobgoblin shouts!
The hobgoblin is engulfed in blazing flames.
The hobgoblin dies!
Okay, then.
A quokka comes into view.
You shoot an arrow. The arrow hits the quokka.
The quokka is severely wounded.
You shoot an arrow. The arrow closely butts the quokka.
The quokka bites you.
You shoot an arrow. The arrow hits the quokka.
You kill the quokka!
No target in view!
g - a fizzy grey potion You now have 47 gold pieces (gained 5).
Butt start resting.
HP restored.
Okay, then.
Okay, then.
You are engulfed in blazing flames.
Ouch! That really hurt!
You are engulfed in blazing flames.
Ouch! That really hurt!
You die...

#.# #☼§.# #.#
#§§§# #.# #☼°§#
#.#####...######
#..○☼§.....§☼°.#.
#..☼°§..[..○§§...
##.○§......§○§.#.
######...######
#@☼§# #☼§○# #§°○#
#...# ##... #####


There were no monsters in sight!

Vanquished Creatures
  A dart slug (D:1)
  2 goblins (D:1)
  4 hobgoblins (D:1)
  2 kobolds (D:1)
  A quokka (D:1)
  2 bats (D:1)
  3 rats (D:1)
15 creatures vanquished.

Vanquished Creatures (others)
  A hobgoblin (D:1)
  A goblin (D:1)
2 creatures vanquished.

Grand Total: 17 creatures vanquished

Notes
Turn   | Place    | Note
-------+----------+-------------------------------------------
     0 | D:1      | hito the Formicid Hunter began the quest for the Orb.
     0 | D:1      | Reached XP level 1. HP: 16/16 MP: 1/1
   121 | D:1      | Reached XP level 2. HP: 23/23 MP: 2/2
   446 | D:1      | Engulfed by a cloud of flame

Illustrated notes

Levels and vault maps discovered:
D:1:      eino_arrival_druids_welcome, layout_basic, st_stairs_2,
          lemuel_flame_loot_1

Action                     || total
---------------------------++-------
   Fire: Shortbow          ||    41
 Armour: Leather armour    ||     7
  Dodge: Dodged            ||     8

Table legend: (Time is in decaauts)
 A = Elapsed time spent in this place.
 B = Non-inter-level travel time spent in this place.
 C = Inter-level travel time spent in this place.
 D = Time resting spent in this place.
 E = Time spent auto-exploring this place.
 F = Levels seen in this place.
 G = Mean time per level.
                   A        B        C        D        E       F      G
               +--------+--------+--------+--------+--------+-----+--------+
         Total |    455 |    455 |      0 |      2 |    310 |   1 |  455.0 |
       Dungeon |    455 |    455 |      0 |      2 |    310 |   1 |  455.0 |
               +--------+--------+--------+--------+--------+-----+--------+

Top non-repeatable levels by time:
     D:1: 455 daAuts
